TKirby, neutral male human Wizard --------- |.......| ------- ------- |.......| |......####.......# ------- #-.[.....| |.....|## |.....|# ......| ###|.......| |......## ......|# |.....| # ---------# |.....|# |.....|### |..<..| ---------### # -.----- ......| # #......| |?((?+m.|####*################### ----+-- ### ###------- |%?!).@@-# # # # ------- # |(?%).f.| # ###|>.[..-## --------- # #-.....| ## |.....| ------- TKirby the Evoker Experience level: 2 Strength: 10 Dexterity: 12 Constitution: 14 Intelligence: 18 Wisdom: 9 Charisma: 12 Health: 0(21) Energy: 19(19) Def: 1 Gold: 150 Moves: 995 Dungeon seed: LFY9cnfzFDTH2bqt Game ID: TKirby_1505489742 Your Inventory: Coins $ - 150 gold pieces Weapons a - a blessed +1 quarterstaff (weapon in hands) Armor e - a blessed +0 cloak of magic resistance (being worn) Comestibles r - an uncursed egg s - an uncursed food ration t - an uncursed melon Scrolls j - a blessed scroll of identify k - an uncursed scroll of stinking cloud v - an uncursed scroll of identify Spellbooks l - a blessed spellbook of force bolt m - an uncursed spellbook of detect monsters Potions f - an uncursed potion of confusion g - an uncursed potion of enlightenment h - an uncursed potion of restore ability u - a potion of unholy water Rings c - an uncursed ring of see invisible d - an uncursed ring of fire resistance q - an uncursed ring of regeneration Wands b - a wand of probing (0:8) Tools n - a magic marker (0:33) Spells and supernatural/magical abilities: Name Level Category Fail Memory a - force bolt 1 attack 0% 96% n - detect monsters 1 divination 0% 96% W - pray for help -- divine ? -- Your skills at the end: Fighting Skills Weapon Skills quarterstaff [Basic] Spellcasting Skills attack spells [Basic] enchantment spells [Basic] Final Attributes: You were devoutly aligned. You were magic-protected. You are dead. Vanquished creatures: 2 giant rats a gecko a jackal a kobold a goblin 2 sewer rats 3 grid bugs 4 lichens 3 kobold zombies a newt 19 creatures vanquished. Voluntary challenges: You were vegetarian. You were an atheist. You used a wielded weapon 20 times, starting on turn 11. You read items or engraved 1 time, starting on turn 86. You never genocided any monsters. You never polymorphed an object. You never changed form. You used no wishes. You never split a pudding. You never wrote Elbereth's name. You never violated your personal moral code. Dungeon overview: The Dungeons of Doom: levels 1 to 3 Level 1 a long staircase Level 2 a sink Level 3 <- You were here a general store History has recorded: On T:1 you entered the Dungeons of Doom to retrieve the Amulet of Yendor! On T:446 you reached level 2 of The Dungeons of Doom. On T:584 you advanced to experience level 2. On T:812 you reached level 3 of The Dungeons of Doom. Score breakdown: Gold: 150 ( 7412 points) Experience: 2 levels ( 5570 points) Exploration: 3 levels ( 6.00%) ( 6060 points) Discoveries: 0 items ( 0.00%) ( 0 points) Valuables value: (no points given unless you survive) Artifact value: 0 ( 0 points) Variety of kills: 10 monsters ( 2.62%) ( 4860 points) Turncount: 995 turns ( 0 points) Survival: died (score multiplied by 80%) Total score: 19121 Latest messages: You displace maple. v - a scroll of identify. You stop. Maple is in the way! You hear the footsteps of a guard on patrol. There are a few objects here. "Hello, TKirby! Welcome again to Kabalebo's general store!" You see here a large shield (10 zorkmids). Wait! That's a small mimic! You miss the small mimic. (2x) You hit the small mimic! (2x) Maple picks up a fortune cookie. The small mimic hits! You miss the small mimic. Maple drops a fortune cookie. You hit the small mimic! Maple picks up a whistle. You hit the small mimic! (2x) Maple drops a whistle. The small mimic hits! You miss the small mimic. (2x) You hit the small mimic. You miss the small mimic. The small mimic hits! You die... Kabalebo gratefully inherits all your possessions. Final status: Goodbye TKirby the Wizard, killed by a small mimic... You died in The Dungeons of Doom on dungeon level 3 with 19121 points, and 150 pieces of gold, after 995 moves. You were level 2 with a maximum of 21 hit points when you died.